 Dungeon Crawl Stone Soup version 0.30-a0-222-ge547ba4400 (webtiles) character file.

Game seed: 4751133024719418582

676 Aibolit the Chopper (level 7, -6/57 (61) HPs)
             Began as a Hill Orc Fighter on Oct 8, 2022.
             Mangled by Duvessa
             ... wielding a +4 short sword of draining
              (13 damage)
             ... on level 5 of the Dungeon.
             The game lasted 00:04:41 (3270 turns).

Aibolit the Chopper (Hill Orc Fighter)              Turns: 3270, Time: 00:04:41

HP:   -6/57 (61)    AC:  8    Str: 21    XL:     7   Next: 60%
MP:   7/7           EV:  9    Int:  8    God:
Gold: 246           SH: 10    Dex: 16    Spells: 6/6 levels left

rFire   . . .      SeeInvis +    q - +1 falchion (elec)
rCold   . . .      Faith    .    c - +0 buckler
rNeg    . . .      Spirit   .    b - +1 scale mail
rPois   .          Reflect  +    (no helmet)
rElec   .          Harm     .    (no cloak)
rCorr   .          Rampage  .    (no gloves)
Will    .....                    (no boots)
Stlth   ..........               h - amulet of reflection
HPRegen 0.29/turn                g - +6 ring of dexterity
MPRegen 0.10/turn                l - ring of see invisible

@: drained
A: no striking features
a: no special abilities


You were on level 5 of the Dungeon.
You visited 1 branch of the dungeon, and saw 5 of its levels.

You collected 246 gold pieces.

Inventory:

Hand Weapons
 q - a +1 falchion of electrocution (weapon)
Armour
 b - a +1 scale mail (worn)
 c - a +0 buckler (worn)
Jewellery
 g - a +6 ring of dexterity (left hand)
 h - an amulet of reflection (around neck)
 l - a ring of see invisible (right hand)
Wands
 d - a wand of iceblast (9)
 m - a wand of charming (12)
 n - a wand of polymorph (16)
Scrolls
 e - 5 scrolls of teleportation
 f - a scroll of enchant armour
 j - a scroll of identify
 r - a scroll of brand weapon
Potions
 a - a potion of mutation {unknown}
 i - a potion of flight {unknown}
 k - a potion of degeneration {unknown}
 o - 2 potions of heal wounds {unknown}
 p - a potion of curing {unknown}


   Skills:
 + Level 5.1 Fighting
 + Level 1.5 Long Blades
 + Level 7.7 Axes
 + Level 4.4 Armour
 + Level 0.8 Dodging
 + Level 0.3 Stealth
 + Level 4.9 Shields


You had 6 spell levels left.
You didn't know any spells.
Your spell library contained the following spells:

 Spells                   Type           Power      Damage    Failure   Level
 Sandblast                Erth           0%         2d4       83%         1
 Passwall                 Tmut/Erth      0%         N/A       92%         2
 Stone Arrow              Conj/Erth      0%         3d7       99%         3


Dungeon Overview and Level Annotations

Branches:
Dungeon (5/15)
 Temple: D:4-7

Altars:
Fedhas
Wu Jian
Yredelemnul
Zin

Annotations:
D:5 Duvessa


Message History

Dowan is severely wounded.
You block Dowan's attack. Dowan hits you but does no damage.
You are poisoned.
You hit Dowan.
Dowan is almost dead.
You feel very sick.
Dowan casts a spell.
Dowan blinks!
You hit Dowan.
You kill Dowan!
You hear a distant scream of rage.
You feel sick.
No target in view!
You feel sick.
Duvessa, Sister of Dowan comes into view.
She is wielding a +4 short sword of draining.
You feel sick.
Duvessa goes berserk!
You feel sick. Duvessa closely misses you.
You hit Duvessa.
Duvessa is lightly wounded.
You feel sick.
Duvessa hits you with a +4 short sword of draining!
You feel drained. Duvessa completely misses you.
You are too injured to fight recklessly!
You are too injured to fight recklessly!
You are too injured to fight recklessly!
You are too injured to fight recklessly!
You are too injured to fight recklessly!
You are too injured to fight recklessly!
You hit Duvessa but do no damage.
Duvessa is lightly wounded.
You feel sick.
You are no longer poisoned.
Duvessa hits you with a +4 short sword of draining!
* * * LOW HITPOINT WARNING * * *
You feel drained.
* * * LOW HITPOINT WARNING * * *
Duvessa completely misses you.
You barely miss Duvessa.
Duvessa is lightly wounded.
Duvessa hits you with a +4 short sword of draining!
You die...

.# #.## # ... . #.# #
### #. ##.##.
..######.#####.....
................##
#e# ####....#.....
#@# ###.....##. #.#
#.#...## #.#
###.#....# #)#
##......#...
####.#####....##.###.
#............##..# .
#.....######.####.##
#.....# #..# #.#
..#### ##.## #.#


You could see Duvessa (berserk).

Vanquished Creatures
  Grinder (D:5)
  A phantom (D:4)
  A scorpion (D:4)
  Dowan (D:5)
  An iguana (D:4)
  4 orc wizards (D:4)
  Robin (D:3)
  3 gnolls (D:2)
  5 adders (D:2)
  5 dart slugs
  8 orcs
  6 endoplasms
  A giant cockroach (D:2)
  16 goblins
  7 hobgoblins
  5 jackals
  9 kobolds
  2 quokkas
  5 ball pythons
  A bat (D:2)
  6 rats (D:2)
89 creatures vanquished.

Notes
Turn   | Place    | Note
-------+----------+-------------------------------------------
     0 | D:1      | Aibolit the Hill Orc Fighter began the quest for the Orb.
     0 | D:1      | Reached XP level 1. HP: 19/19 MP: 1/1
    91 | D:1      | You fall into a shaft and drop 1 floor!
   134 | D:2      | Reached XP level 2. HP: 15/27 MP: 2/2
   141 | D:2      | Reached skill level 3 in Axes
   395 | D:2      | Reached XP level 3. HP: 33/33 MP: 3/3
   640 | D:2      | Reached skill level 4 in Axes
   706 | D:2      | Reached XP level 4. HP: 38/40 MP: 4/4
  1102 | D:2      | Reached XP level 5. HP: 36/47 MP: 5/5
  1592 | D:3      | Noticed Robin
  1606 | D:3      | Killed Robin
  1613 | D:3      | Reached skill level 5 in Axes
  1846 | D:3      | Found a blossoming altar of Fedhas.
  1951 | D:3      | Found a glowing silver altar of Zin.
  2213 | D:4      | Noticed a phantom
  2222 | D:4      | Killed a phantom
  2223 | D:4      | Reached XP level 6. HP: 51/53 MP: 6/6
  2267 | D:4      | Reached skill level 6 in Axes
  2519 | D:4      | Found an ornate altar of the Wu Jian Council.
  2588 | D:4      | Found a basalt altar of Yredelemnul.
  2747 | D:4      | Reached skill level 7 in Axes
  2747 | D:4      | Reached XP level 7. HP: 40/60 MP: 7/7
  3163 | D:5      | Entered Level 5 of the Dungeon
  3174 | D:5      | Noticed Grinder
  3177 | D:5      | Paralysed by Grinder for 3 turns
  3186 | D:5      | Paralysed by Grinder for 2 turns
  3189 | D:5      | Killed Grinder
  3190 | D:5      | Reached skill level 5 in Fighting
  3190 | D:5      | Reached skill level 1 in Long Blades
  3256 | D:5      | Noticed Dowan
  3264 | D:5      | Killed Dowan
  3265 | D:5      | Noticed Duvessa
  3270 | D:5      | Mangled by Duvessa

Illustrated notes

Levels and vault maps discovered:
D:1:      dpeg_arrival_tiny_d, layout_basic, minmay_misc_feat_tower
D:2:      minmay_razor_zed, layout_loops_ring, st_stairs_13, minmay_pentomino_u4
D:3:      layout_loops_ring, mainiacjoe_overflow_swirl, uniq_robin
D:4:      layout_loops_ring, lemuel_doored_altar,
          nicolae_wu_jian_immortal_techniques
D:5:      layout_rooms, nicolae_hepliaklqana_hippocampus, makhleb_grotto_becter,
          uniq_grinder, uniq_eustachio, uniq_duvessa

Skill      XL: |  1  2  3  4  5  6  7 |
---------------+----------------------+-----
Fighting       | 4 5 |  5.1
Axes           | 3 4 5 7 |  7.7
Armour         | 4 |  4.4
Shields        | 4 |  4.9
Long Blades    | 1 |  1.5
Dodging        | |  0.8
Stealth        | |  0.3

Action                   |  1- 3 |  4- 6 |  7- 9 || total
-------------------------+-------+-------+-------++-------
Melee: War axe           |    47 |   168 |       ||   215
       Falchion          |       |       |    15 ||    15
  Use: Scroll            |     1 |       |     3 ||     4
       Potion            |       |     1 |       ||     1
Armor: Scale mail        |    18 |    61 |     4 ||    83
Dodge: Dodged            |    28 |    57 |     4 ||    89
Block: Buckler           |    14 |    81 |     3 ||    98
       Reflection        |       |     2 |       ||     2

Table legend: (Time is in decaauts)
 A = Elapsed time spent in this place.
 B = Non-inter-level travel time spent in this place.
 C = Inter-level travel time spent in this place.
 D = Time resting spent in this place.
 E = Time spent auto-exploring this place.
 F = Levels seen in this place.
 G = Mean time per level.
                   A        B        C        D        E       F      G
               +--------+--------+--------+--------+--------+-----+--------+
         Total |   3335 |   2902 |    433 |    200 |   2152 |   5 |  667.0 |
       Dungeon |   3335 |   2902 |    433 |    200 |   2152 |   5 |  667.0 |
               +--------+--------+--------+--------+--------+-----+--------+

Top non-repeatable levels by time:
     D:2: 1400 daAuts
     D:4: 964 daAuts
     D:3: 769 daAuts
     D:5: 111 daAuts
     D:1: 91 daAuts
